 Dungeon Crawl Stone Soup version 0.31-a0-1626-g5cb510d322 (webtiles) character file.

Game seed: 14022045942415453676

14858 anacleto the Grappler (level 11, -5/109 HPs)
             Began as a Troll Shapeshifter on Jan 12, 2024.
             Was an Elder of the Shining One.
             Engulfed by an ice statue's freezing vapour (24 damage)
             ... in an ice cave.
             The game lasted 00:25:43 (10861 turns).

anacleto the Grappler (Troll Shapeshifter)         Turns: 10861, Time: 00:25:44

Health: -5/109     AC:  9    Str: 28    XL:     11   Next: 94%
Magic:  20/20      EV: 29    Int:  7    God:    the Shining One [****..]
Gold:   489        SH: 13    Dex: 13    Spells: 10/10 levels left

rFire   . .          .
                       - Unarmed
rCold   . . .        k - +4 kite shield of the Fifty Olives {Rampage Int-5 Dex+4}
rNeg    + + .        y - +5 robe of Misfortune {Harm *Corrode *Slow EV+5}
rPois   .            (helmet currently unavailable)
rElec   .            g - melded scarf of the Arcadian God {harm, rN+}
rCorr   +            (gloves unavailable)
SInv    .            (boots unavailable)
Will    +....        q - amulet of the acrobat
Stlth   +            C - ring of willpower
HPRegen 1.18/turn    F - ring "Nemir" {rCorr MP+9 Int+6}
MPRegen 0.17/turn

%: corrode self (3%), slow self (1%), harm (+30% outgoing, +20% incoming),
acrobat, rampage
@: beast-form, acrobatic, glowing
A: beast (slay +4), large, unfitting armour, claws 3, regeneration 1, shaggy fur
1, tough skin 1
a: Begin Untransformation, Renounce Religion, Divine Shield, Cleansing Flame


You were in an ice cave.
You worshipped the Shining One.
The Shining One was greatly pleased with you.
You were a hulking beast.
You visited 2 branches of the dungeon, and saw 12 of its levels.
You also visited: Ice Cave.

You collected 489 gold pieces.

Inventory:

Hand Weapons
 I - a +5 halberd of protection
Missiles
 f - 4 boomerangs
 r - 7 javelins
 G - 21 poisoned darts (quivered)
Armour
 a - a +0 animal skin
 g - the scarf of the Arcadian God (melded) {harm, rN+}
   (You acquired it on level 5 of the Dungeon)

   rN+:       It protects you from negative energy.
 k - the +4 kite shield of the Fifty Olives (worn) {Rampage Int-5 Dex+4}
   (You acquired it on level 8 of the Dungeon)

   Int-5:     It affects your intelligence (-5).
   Dex+4:     It affects your dexterity (+4).
   Rampage:   It bestows one free step when moving towards enemies.
 y - the +5 robe of Misfortune (worn) {Harm *Corrode *Slow EV+5}
   (You found it on level 6 of the Dungeon)

   EV+5:      It affects your evasion (+5).
   *Corrode:  It may corrode you when you take damage.
   *Slow:     It may slow you when you take damage.
   Harm:      It increases damage dealt and taken.
 D - +0 swamp dragon scales
 M - a +2 cloak
Magical Staves
 K - a staff of death
Jewellery
 l - a ring of wizardry
 q - an amulet of the acrobat (around neck)
 C - a ring of willpower (left claw)
 F - the ring "Nemir" (right claw) {rCorr MP+9 Int+6}
   (You found it on level 8 of the Dungeon)

   [ring of intelligence]

   Int+6:     It affects your intelligence (+6).
   MP+9:      It affects your magic capacity (+9).
   rCorr:     It protects you from acid and corrosion.
 J - a ring of protection from fire
Talismans
 c - a beast talisman (active)
 d - a flux talisman
Wands
 h - a wand of flame (21)
 o - a wand of polymorph (5)
 z - a wand of light (20)
Scrolls
 i - 3 scrolls of immolation
 j - a scroll of revelation
 m - 3 scrolls of vulnerability {unknown}
 n - 6 scrolls of teleportation
 u - a scroll of brand weapon {unknown}
 x - a scroll of enchant armour {unknown}
 A - 3 scrolls of butterflies {unknown}
 E - 3 scrolls of blinking {unknown}
 L - a scroll of enchant weapon
 O - a scroll of torment {unknown}
Potions
 b - a potion of curing
 e - a potion of berserk rage {unknown}
 p - 2 potions of enlightenment
 s - a potion of might {unknown}
 t - a potion of mutation {unknown}
 v - 2 potions of attraction {unknown}
 w - a potion of brilliance {unknown}
 N - 2 potions of invisibility {unknown}
 P - a potion of cancellation {unknown}
Miscellaneous
 B - a phantom mirror
 H - a lightning rod (3/4)


   Skills:
 + Level 7.2 Fighting
 + Level 8.7 Throwing
 - Level 0.6 Armour
 - Level 1.8 Dodging
 + Level 4.1 Shields
 + Level 10.4 Unarmed Combat
 + Level 1.3 Invocations
 + Level 9.5 Shapeshifting


You had 10 spell levels left.
You didn't know any spells.
Your spell library contained the following spells:

 Spells                   Type           Power      Damage    Failure   Level
 Magic Dart               Conj           0%         1d3       65%         1
 Ensorcelled Hibernation  Hex/Ice        0%         N/A       80%         2
 Searing Ray              Conj           0%         2d4       80%         2
 Call Canine Familiar     Summ           0%         N/A       95%         3
 Hailstorm                Conj/Ice       0%         3d5       95%         3
 Passwall                 Erth           0%         N/A       95%         3
 Sigil of Binding         Hex            0%         N/A       95%         3
 Stone Arrow              Conj/Erth      0%         3d7       95%         3
 Summon Ice Beast         Ice/Summ       0%         N/A       95%         3
 Swiftness                Air            0%         N/A       95%         3
 Tukima's Dance           Hex            0%         N/A       95%         3
 Animate Armour           Summ/Erth      0%         N/A       100%        4
 Brom's Barrelling Bould  Conj/Erth      0%         2d3       100%        4
 Dimensional Bullseye     Hex/Tloc       0%         N/A       100%        4
 Fulminant Prism          Conj/Alch      0%         3d5       100%        4
 Iskenderun's Mystic Bla  Conj/Tloc      0%         2d3       100%        4
 Petrify                  Alch/Erth      0%         N/A       100%        4
 Sculpt Simulacrum        Ice/Alch       0%         N/A       100%        6
 Lehudib's Crystal Spear  Conj/Erth      0%         10d2      100%        8


Dungeon Overview and Level Annotations

Branches:
Dungeon (11/15)            Temple (1/1) D:5            Lair (0/5) D:11
    Orc (0/2) D:9           IceCv (1/1)

Altars:
Ashenzari
Cheibriados
Dithmenos
Elyvilon
Fedhas
Gozag
Hepliaklqana
Kikubaaqudgha
Makhleb
Nemelex Xobeh
Okawaru
Qazlal
Ru
Sif Muna
Trog
Uskayaw
Vehumet
Wu Jian
Xom
Yredelemnul
Zin
The Shining One

Shops:
D:8 (

Annotations:
IceCv exclusion: 2 ice statues


Innate Abilities, Weirdness & Mutations

You are a hulking beast.
Your limbs bulge with bestial killing power. (Slay +4)
You are too large for most types of armour.
You have claws for hands.
Your natural rate of healing is unusually fast.
You are covered in fur. (AC +1)
You have tough skin. (AC +1)


Message History

The ice devil is moderately wounded.
You block the ice devil's attack.
You scratch the ice devil but do no damage.
The ice devil is moderately wounded.
You block the ice devil's attack.
You claw the ice devil!
The ice devil is severely wounded.
You mangle the ice devil!!
You kill the ice devil!
The Shining One accepts your kill. The ice statue gestures at you.
The bolt of cold misses you.
The ice statue gestures.
You scratch the ice statue but do no damage.
The ice statue gestures at you. The bolt of cold misses you.
You mangle the ice statue!!
The ice statue is moderately damaged.
The ice statue gestures.
You claw the ice statue!
The ice statue is heavily damaged.
You scratch the ice statue.
The ice statue is severely damaged.
The ice statue gestures at you. The freezing blast engulfs you!
You scratch the ice statue but do no damage.
The ice statue is severely damaged.
You are engulfed in freezing vapours.
You scratch the ice statue but do no damage.
The ice statue is severely damaged.
You are engulfed in freezing vapours.
The ice beast hits you. The ice beast freezes you!
You block the ice beast's attack.
The ice statue gestures.
You scratch the ice statue but do no damage.
The ice statue is severely damaged.
You are engulfed in freezing vapours.
* * * LOW HITPOINT WARNING * * *
The ice beast misses you. You block the ice beast's attack.
You are engulfed in freezing vapours.
You die...

#...............
#...............#
#.......⌠.......#
#...............#
#...............#
#.....°.......#
#..°°°...Y....#
#.Y°Y.......#
##8#h....#8##
####...## #...##
##...# ##...#
#...## ##...##
##.....##
#...∩...#


You could see 3 ice beasts.

Vanquished Creatures
  Erolcha (D:10)
  A boulder beetle (D:8)
  4 two-headed ogres
  A skeletal warrior (D:8)
  A rust devil (D:9)
  A smoke demon (D:9)
  Maggie (D:7)
  An unseen horror (D:10)
  A komodo dragon (D:11)
  An efreet (D:8)
  2 ice devils (IceCv)
  A red devil (D:9)
  2 trolls (D:11)
  Prince Ribbit (D:6)
  Grinder (D:6)
  A hellwing (D:9)
  A shadow (D:9)
  3 yaks (D:10)
  A vampire (D:10)
  Grum (D:9)
  A wyvern (D:8)
  A basilisk (D:11)
  4 steam dragons
  7 vampire mosquitoes
  A death yak simulacrum (IceCv)
  2 water moccasins
  2 black bears
  3 ice beasts (D:6)
  2 sky beasts
  4 orc warriors
  2 wolves (D:9)
  6 centaurs
  An ogre (D:4)
  2 kobold brigands
  3 bullfrogs
  A gnoll sergeant (D:5)
  9 wights (D:8)
  A cane toad simulacrum (IceCv)
  3 scorpions
  15 killer bees
  A howler monkey (D:5)
  A jelly (D:6)
  8 orc priests
  3 bombardier beetles
  A gnoll bouda (D:4)
  3 hounds (D:5)
  3 iguanas
  10 orc wizards
  A sleepcap (D:7)
  A wolf simulacrum (IceCv)
  8 gnolls
  4 adders
  A naga simulacrum (IceCv)
  A shadow imp (D:8)
  2 white imps
  5 ufetubi
  5 dart slugs
  A ribbon worm (D:3)
  39 orcs
  A ball python (D:1)
  5 endoplasms
  5 giant cockroaches
  3 goblins
  4 hobgoblins
  4 jackals (D:4)
  6 quokkas
  5 bats
  2 frilled lizards
  14 kobolds
  4 rats
248 creatures vanquished.

Notes
Turn   | Place    | Note
-------+----------+-------------------------------------------
     0 | D:1      | anacleto the Troll Shapeshifter began the quest for the
                  | Orb.
     0 | D:1      | Reached XP level 1. HP: 18/18 MP: 0/0
    67 | D:1      | Reached skill level 1 in Fighting
    87 | D:1      | Reached XP level 2. HP: 27/27 MP: 1/1
   430 | D:1      | Reached XP level 3. HP: 33/33 MP: 2/2
   775 | D:2      | Reached XP level 4. HP: 33/41 MP: 3/3
   780 | D:2      | Reached skill level 4 in Unarmed Combat
  1694 | D:3      | Found a white marble altar of Elyvilon.
  2098 | D:3      | Reached skill level 1 in Throwing
  2098 | D:3      | Reached XP level 5. HP: 48/48 MP: 4/4
  2210 | D:3      | Found a faded altar of an unknown god.
  2540 | D:4      | Noticed an ogre
  2552 | D:4      | Killed an ogre
  2582 | D:4      | Reached XP level 6. HP: 55/55 MP: 5/5
  3028 | D:4      | Reached skill level 5 in Unarmed Combat
  3204 | D:5      | Entered Level 5 of the Dungeon
  3288 | D:5      | Reached skill level 5 in Shapeshifting
  3288 | D:5      | Reached XP level 7. HP: 49/62 MP: 6/6
  3458 | D:5      | Found a staircase to the Ecumenical Temple.
  3649 | D:5      | Identified a scroll of acquirement
  3650 | D:5      | Acquired the scarf of the Arcadian God {harm, rN+}
  3778 | D:5      | Reached skill level 6 in Unarmed Combat
  3819 | Temple   | Entered the Ecumenical Temple
  3910 | Temple   | Became a worshipper of the Shining One
  3947 | D:5      | Got the Omnibus of Metallic Esoterica
  4107 | D:6      | Found the +5 robe of Misfortune {Harm *Corrode *Slow EV+5}
  4254 | D:6      | Reached XP level 8. HP: 70/70 MP: 7/7
  4369 | D:6      | Noticed Grinder
  4378 | D:6      | Killed Grinder
  4447 | D:6      | Noticed Prince Ribbit
  4454 | D:6      | Killed Prince Ribbit
  4538 | D:6      | Reached skill level 7 in Unarmed Combat
  4552 | D:6      | Reached skill level 5 in Throwing
  4603 | D:6      | Found a stormy altar of Qazlal.
  4619 | D:6      | Found a bloodstained altar of Trog.
  4872 | D:6      | Reached XP level 9. HP: 66/83 MP: 8/8
  5645 | D:7      | Reached * piety under the Shining One
  5986 | D:7      | Noticed Maggie
  5990 | D:7      | Killed Maggie
  6380 | D:8      | Reached skill level 8 in Unarmed Combat
  6631 | D:8      | Found Araoluv's Weapon Emporium.
  6810 | D:8      | Identified the ring "Nemir" {rCorr MP+9 Int+6}
  7029 | D:8      | Reached XP level 10. HP: 94/94 MP: 9/9
  7049 | D:8      | Reached skill level 5 in Fighting
  7055 | D:8      | Identified the +0 ring mail "Etygh" {^Drain rElec rPois
                  | rF+++}
  7192 | D:8      | Reached ** piety under the Shining One
  7233 | D:8      | Noticed a skeletal warrior
  7233 | D:8      | Noticed a two-headed ogre
  7238 | D:8      | Killed a two-headed ogre
  7238 | D:8      | Noticed a boulder beetle
  7243 | D:8      | Killed a skeletal warrior
  7244 | D:8      | Reached skill level 9 in Unarmed Combat
  7269 | D:8      | Killed a boulder beetle
  7329 | D:8      | Acquired the +4 kite shield of the Fifty Olives {Rampage
                  | Int-5 Dex+4}
  7333 | D:8      | Identified the +0 leather armour of Isophud {Will+ rCorr
                  | Str-4 Int+2}
  7584 | D:9      | Noticed a two-headed ogre
  7602 | D:8      | Killed a two-headed ogre
  7603 | D:8      | Reached skill level 1 in Shields
  7742 | D:9      | Noticed a smoke demon
  7742 | D:9      | Noticed a rust devil
  7782 | D:9      | Killed a rust devil
  7794 | D:9      | Reached XP level 11. HP: 25/105 MP: 10/10
  8195 | D:9      | Noticed a two-headed ogre
  8211 | D:9      | Killed a two-headed ogre
  8275 | D:9      | Reached *** piety under the Shining One
  8498 | D:9      | Noticed Grum
  8534 | D:9      | Killed Grum
  8822 | D:9      | Found a staircase to the Orcish Mines.
  9065 | D:10     | Entered Level 10 of the Dungeon
  9363 | D:10     | Noticed Erolcha
  9367 | D:10     | Killed Erolcha
  9368 | D:10     | Reached skill level 10 in Unarmed Combat
 10023 | D:10     | Noticed a two-headed ogre
 10027 | D:10     | Killed a two-headed ogre
 10488 | D:11     | Found a staircase to the Lair.
 10491 | D:11     | Reached skill level 1 in Invocations
 10648 | D:11     | Found a frozen archway.
 10671 | IceCv    | Entered an ice cave
 10681 | IceCv    | Reached **** piety under the Shining One
 10861 | IceCv    | Engulfed by an ice statue's freezing vapour

Illustrated notes

Levels and vault maps discovered:
D:1:      kennysheep_arrival_seaside, layout_basic
D:2:      layout_basic
D:3:      layout_basic, nicolae_overflow_hidden_temple,
          hellmonk_ecumenical_altar_leap_of_faith
D:4:      layout_basic
D:5:      layout_cave_pools, minmay_temple_entry_stoned_glass,
          serial_column_ruins, column_ruins_corridor_straight,
          column_ruins_grid_3, column_ruins_open_small_water,
          column_ruins_columns_straight, minmay_checkerbox
D:6:      layout_gridville, mainiacjoe_overflow_swirl, uniq_prince_ribbit1,
          uniq_grinder
D:7:      layout_gridville, uniq_maggie
D:8:      minmay_the_grid_square_5x5_3x3
          [minmay_the_grid_square_5x5_three_small,
          minmay_the_grid_square_5x5_one_wall,
          minmay_the_grid_square_5x5_dogpile,
          minmay_the_grid_square_5x5_detours,
          minmay_the_grid_square_5x5_megaprize_checkered,
          minmay_the_grid_square_5x5_shuriken, minmay_the_grid_square_5x5_z,
          minmay_the_grid_square_5x5_lines,
          minmay_the_grid_square_5x5_hollow_slash], layout_basic, serial_shops,
          nicolae_shop_tiny_real_fake_doors, due_unseen_surprise
D:9:      layout_stronghold, hiddenorc1_lemuel, hangedman_decor_peaks_small,
          nicolae_where_there's_smoke, uniq_grum
D:10:     layout_layer_cave, uniq_erolcha
D:11:     layout_basic, david_lair_shrubbed, portal_ice_cave_entry_pillars_2
Temple:   nicolae_temple_bog_church
IceCv:    ice_cave_tombish

Skill      XL: |  1  2  3  4  5  6  7  8  9 10 11 |
---------------+----------------------------------+-----
Fighting       | 1 3 4 6 7 |  7.2
Unarmed Combat | 4 5 6 7 8 9 10 | 10.4
Throwing       | 1 2 3 4 5 6 7 8 |  8.7
Shapeshifting  | 4 5 6 7 8 9 |  9.5
Shields        | 1 4 |  4.1
Invocations    | 1 |  1.3
Armour         | |  0.6
Dodging        | |  1.8

Action                     |  1- 3 |  4- 6 |  7- 9 | 10-12 || total
---------------------------+-------+-------+-------+-------++-------
  Melee: Unarmed           |    76 |    96 |   152 |   207 ||   531
         Punch             |     1 |     4 |     8 |     5 ||    18
  Throw: Boomerang         |     7 |       |    14 |       ||    21
         Dart              |       |    26 |     7 |     7 ||    40
         Javelin           |       |       |    24 |       ||    24
 Invoke: Divine Shield     |       |       |       |     2 ||     2
Ability: Begin Untransform |       |       |     3 |     1 ||     4
  Evoke: Lightning rod     |       |       |       |     6 ||     6
    Use: Scroll            |       |     3 |     2 |    10 ||    15
         Potion            |       |       |       |     9 ||     9
 Armour: Animal skin       |    83 |    67 |    46 |       ||   196
         Robe              |       |       |    83 |   100 ||   183
         Skin              |       |       |       |    29 ||    29
  Dodge: Dodged            |    54 |    45 |   145 |    97 ||   341
  Block: Kite shield       |       |       |       |   106 ||   106
   Form: Beast             |       |       |     3 |     1 ||     4

Table legend: (Time is in decaauts)
 A = Elapsed time spent in this place.
 B = Non-inter-level travel time spent in this place.
 C = Inter-level travel time spent in this place.
 D = Time resting spent in this place.
 E = Time spent auto-exploring this place.
 F = Levels seen in this place.
 G = Mean time per level.
                   A        B        C        D        E       F      G
               +--------+--------+--------+--------+--------+-----+--------+
         Total |  10822 |  10467 |    355 |   1102 |   7122 |  13 |  832.5 |
       Dungeon |  10527 |  10189 |    338 |   1010 |   7122 |  11 |  957.0 |
        Temple |    108 |     91 |     17 |      0 |      0 |   1 |  108.0 |
      Ice Cave |    187 |    187 |      0 |     92 |      0 |   1 |  187.0 |
               +--------+--------+--------+--------+--------+-----+--------+

Top non-repeatable levels by time:
     D:9: 1451 daAuts
     D:8: 1315 daAuts
    D:10: 1313 daAuts
     D:6: 1194 daAuts
     D:7: 963 daAuts
     D:3: 944 daAuts
     D:4: 917 daAuts
     D:2: 765 daAuts
     D:5: 696 daAuts
     D:1: 680 daAuts
    D:11: 286 daAuts
   IceCv: 187 daAuts
  Temple: 108 daAuts
